 Dungeon Crawl Stone Soup version 0.29-a0-620-g13ace881f2 (webtiles) character file.

Game seed: 14471348261420016459

21 Zonian the Chiller (level 2, -1/13 HPs)
             Began as a Vine Stalker Ice Elementalist on June 18, 2022.
             Was an Initiate of Yredelemnul.
             Slain by an adder (3 damage)
             ... on level 2 of the Dungeon.
             The game lasted 00:02:26 (2274 turns).

Zonian the Chiller (Vine Stalker Ice Elementalist)  Turns: 2274, Time: 00:02:28

Health: -1/13      AC:  2    Str: 10    XL:     2   Next: 87%
Magic:  0/6        EV: 12    Int: 15    God:    Yredelemnul [......]
Gold:   60         SH:  0    Dex: 14    Spells: 5/6 levels left

rFire   . . .      SeeInvis .   n - +0 dagger
rCold   . . .      Faith    .   (no shield)
rNeg    . . .      Spirit   +   a - +0 robe
rPois   .          Reflect  .   (no helmet)
rElec   .          Harm     .   (no cloak)
rCorr   .          Rampage  .   (no gloves)
Will    .....                   (no boots)
Stlth   ++........              (no amulet)
HPRegen 0.04/turn               (no ring)
MPRegen 0.10/turn               (no ring)

@: no status effects
A: fangs 2, magic shield, antimagic bite, no potion heal 2
a: Renounce Religion, Recall Undead Harvest


You were on level 2 of the Dungeon.
You worshipped Yredelemnul.
Yredelemnul was noncommittal.
You visited 1 branch of the dungeon, and saw 2 of its levels.

You collected 60 gold pieces.

Inventory:

Hand Weapons
 c - a +0 mace
 k - a +0 falchion
 l - a +0 whip
 n - a +0 dagger (weapon)
Armour
 a - a +0 robe (worn)
Scrolls
 f - a scroll of magic mapping {unknown}
 g - a scroll of fear {unknown}
 h - a scroll of acquirement {unknown}
 j - a scroll of noise {unknown}
Potions
 b - a potion of degeneration
 i - a potion of haste {unknown}
 m - a potion of heal wounds {unknown}


   Skills:
 + Level 1.9 Dodging
 + Level 3.0 Stealth
 + Level 2.5 Spellcasting
 + Level 4.2 Ice Magic


You had 5 spell levels left.
You knew the following spells:

 Your Spells              Type           Power      Damage    Failure   Level
a - Freeze                Ice            56%        1d7       3%          1

Your spell library contained the following spells:

 Spells                   Type           Power      Damage    Failure   Level
 Frozen Ramparts          Ice            28%        1d4       11%         3
 Ozocubu's Armour         Ice            14%        N/A       11%         3
 Blink                    Tloc           2%         N/A       32%         2
 Call Canine Familiar     Summ           1%         N/A       54%         3
 Lesser Beckoning         Tloc           1%         N/A       54%         3
 Portal Projectile        Hex/Tloc       2%         N/A       54%         3
 Hailstorm                Conj/Ice       8%         3d4       65%         4
 Leda's Liquefaction      Hex/Erth       0%         N/A       91%         4
 Manifold Assault         Tloc           1%         N/A       99%         5


Dungeon Overview and Level Annotations

Branches:
Dungeon (2/15)

Altars:
Yredelemnul


Innate Abilities, Weirdness & Mutations

You have extremely sharp teeth.
When hurt, damage is shared between your health and your magic reserves.
Your bite disrupts and absorbs the magic of your enemies.
Potions cannot restore your health.


Message History

An adder is nearby!
An adder is nearby!
An adder is nearby!
Unknown command.
A goblin comes into view. It is wielding a +3 dagger.
Found a blue potion.
The goblin shouts!
The adder hisses angrily.
The goblin hits you with a +3 dagger. The goblin attacks as you move away!
The goblin hits you with a +3 dagger.
Casting: Freeze (safe; 3% risk of failure)
Confirm with . or Enter, or press ? or * to list all spells.
Aiming: Freeze (safe; 3% risk of failure)
Press: ? - help, Shift-Dir - straight line, f - goblin, p - adder
Aim: a goblin, wielding a +3 dagger You freeze the goblin.
You kill the goblin!
The dead are walking!
The adder bites you.
* * * LOW HITPOINT WARNING * * *
You swap places.
The adder bites your goblin zombie.
Found a stone staircase leading down.
The adder bites your goblin zombie.
Your goblin zombie closely misses the adder.
Unknown command.
The adder closely misses your goblin zombie.
Your goblin zombie barely misses the adder.
The adder barely misses your goblin zombie.
There is a stone staircase leading down here.
Found an escape hatch in the floor.
There is an escape hatch in the floor here.
An adder comes into view.
Found a bubbling orange potion.
Casting: Freeze (safe; 3% risk of failure)
Confirm with . or Enter, or press ? or * to list all spells.
Aiming: Freeze (safe; 3% risk of failure)
Press: ? - help, Shift-Dir - straight line, f - adder
Aim: an adder You freeze the adder.
The adder is heavily wounded.
The adder seems to slow down.
The adder bites you.
You die...
Your body rises from the dead as a mindless zombie.

### #########
#... #....S..#
...!. #S#####.#
......##># #.#
......S@.# #Z#
......#### #S#
..... #.# ....
##.##### .##
#########.....!#
#.....<#.......#
#......#..#.##.#
#......#..#.# .#
#......#..#.##.#


You could see 2 adders.

Vanquished Creatures
  3 hobgoblins
  3 jackals (D:1)
  6 ball pythons
  4 bats (D:1)
  A frilled lizard (D:1)
  A goblin (D:2)
  A rat (D:1)
19 creatures vanquished.

Vanquished Creatures (collateral kills)
  A jackal (D:1)
1 creature vanquished.

Vanquished Creatures (others)
  A goblin zombie (D:2)
1 creature vanquished.

Grand Total: 21 creatures vanquished

Notes
Turn   | Place    | Note
-------+----------+-------------------------------------------
     0 | D:1      | Zonian the Vine Stalker Ice Elementalist began the quest
                  | for the Orb.
     0 | D:1      | Reached XP level 1. HP: 9/9 MP: 4/4
   996 | D:1      | Reached XP level 2. HP: 13/13 MP: 6/6
  1263 | D:1      | Found a faded altar of an unknown god.
  1376 | D:1      | Prayed at the altar of an unknown god.
  1376 | D:1      | Became a worshipper of Yredelemnul the Dark
  1376 | D:1      | Reached * piety under Yredelemnul
  2274 | D:2      | Slain by an adder

Illustrated notes

Levels and vault maps discovered:
D:1:      erik_arrival_triangle_large, layout_loops_cross,
          ebering_ecumenical_altar_hall, st_stairs_12
D:2:      layout_loops_cross, basic_altar

Skill      XL: |  1  2 |
---------------+-------+-----
Stealth        | 3 |  3.0
Dodging        | |  1.9
Spellcasting   | |  2.5
Ice Magic      | |  4.2

Action                   || total
-------------------------++-------
Melee: Mace              ||    32
       Unarmed           ||     7
       Bite              ||     7
       Whip              ||     4
       Dagger            ||     3
 Cast: Freeze            ||    12
  Use: Potion            ||     1
       Scroll            ||     2
 Stab: Sleeping          ||     7
Armor: Robe              ||    19
Dodge: Dodged            ||    53

Table legend: (Time is in decaauts)
 A = Elapsed time spent in this place.
 B = Non-inter-level travel time spent in this place.
 C = Inter-level travel time spent in this place.
 D = Time resting spent in this place.
 E = Time spent auto-exploring this place.
 F = Levels seen in this place.
 G = Mean time per level.
                   A        B        C        D        E       F      G
               +--------+--------+--------+--------+--------+-----+--------+
         Total |   2285 |   2208 |     77 |   1026 |    924 |   2 | 1142.5 |
       Dungeon |   2285 |   2208 |     77 |   1026 |    924 |   2 | 1142.5 |
               +--------+--------+--------+--------+--------+-----+--------+

Top non-repeatable levels by time:
     D:1: 1827 daAuts
     D:2: 457 daAuts
